[Event "Titled Tuesday Blitz December 27 Early 2022"]
[White "Timofeev, Artyom"]
[Black "Williams, Simon K"]
[WhiteFideId "4140419"]
[BlackFideId "404454"]
[WhiteElo "2567"]
[BlackElo "2465"]
[Result "1-0"]
[Round "04"]
[TimeControl "180+2"]
[Date "2022.12.27"]
[WhiteClock "0:01:55"]
[BlackClock "0:00:07"]

1. d4 e6 2. Nc3 d5 3. Bf4 f5 4. e3 a6 5. g4 fxg4 6. h3 g3 7. Bxg3 Nf6 8. Bd3 c5 9. Nf3 Nc6 10. Rg1 c4 11. Be2 Bb4 12. Nd2 O-O 13. a3 Bxc3 14. bxc3 Qe7 15. e4 e5 16. dxe5 Nxe5 17. f4 Nc6 18. e5 Nd7 19. Nf3 Nc5 20. Bh4 Qf7 21. Bf6 g6 22. Ng5 Qd7 23. Bg4 1-0


[Site "https://www.chess.com"]

[Event "Titled Tuesday Blitz December 27 Early 2022"]
[White "Tinmaz, Kerem"]
[Black "Dilmukhametov, Artur"]
[WhiteFideId "44559151"]
[BlackFideId "24179922"]
[WhiteElo "2177"]
[BlackElo "2276"]
[Result "1-0"]
[Round "04"]
[TimeControl "180+2"]
[Date "2022.12.27"]
[WhiteClock "0:00:43"]
[BlackClock "0:00:52"]

1. e4 e6 2. d4 d5 3. Nd2 Nf6 4. e5 Nfd7 5. c3 c5 6. Ngf3 Nc6 7. Bd3 f6 8. exf6 Nxf6 9. O-O Bd6 10. Re1 O-O 11. Qc2 Qc7 12. dxc5 Bxc5 13. Nb3 Bd6 14. Bg5 g6 15. Bxg6 Kg7 16. Bxf6+ Rxf6 17. Bxh7 Bd7 18. Bd3 Rh8 19. h3 Rxf3 20. gxf3 Rxh3 21. Nd4 Qd8 22. Nxe6+ Bxe6 23. Rxe6 Qg5+ 24. Kf1 Rh1+ 25. Ke2 Rxa1 26. Rg6+ Qxg6 27. Bxg6 1-0


[Site "https://www.chess.com"]

[Event "Titled Tuesday Blitz December 27 Early 2022"]
[White "Toncheva, Nadya"]
[Black "Beerdsen, Thomas"]
[WhiteFideId "2924056"]
[BlackFideId "1030108"]
[WhiteElo "2295"]
[BlackElo "2507"]
[Result "0-1"]
[Round "04"]
[TimeControl "180+2"]
[Date "2022.12.27"]
[WhiteClock "0:00:08"]
[BlackClock "0:01:15"]

1. d4 d5 2. c4 Nc6 3. Nc3 Nf6 4. cxd5 Nxd5 5. e4 Nxc3 6. bxc3 e5 7. Nf3 exd4 8. cxd4 Bg4 9. d5 Bxf3 10. gxf3 Bb4+ 11. Bd2 Bxd2+ 12. Qxd2 Ne5 13. Be2 Qf6 14. f4 Nd3+ 15. Qxd3 Qxa1+ 16. Bd1 O-O 17. O-O Rad8 18. Kh1 c6 19. Bf3 Qf6 20. Qe3 cxd5 21. e5 Qh6 22. Qd4 Qh3 23. Bg2 Qe6 24. Rg1 f6 25. Bf1 fxe5 26. fxe5 Rf5 27. Bh3 Qxe5 28. Qg4 Rxf2 29. Bg2 Kh8 30. Qh4 Rdf8 31. Rc1 Rxg2 32. Kxg2 Qe2+ 33. Kh1 Qf3+ 34. Kg1 Qe3+ 35. Kg2 0-1


[Site "https://www.chess.com"]

[Event "Titled Tuesday Blitz December 27 Early 2022"]
[White "Toropov, Pavel"]
[Black "Bachmann, Axel"]
[WhiteFideId "24129178"]
[BlackFideId "3700488"]
[WhiteElo "2336"]
[BlackElo "2604"]
[Result "0-1"]
[Round "04"]
[TimeControl "180+2"]
[Date "2022.12.27"]
[WhiteClock "0:00:47"]
[BlackClock "0:00:06"]

1. e4 g6 2. d4 Bg7 3. Nc3 c6 4. h3 d6 5. g4 b5 6. Bg2 b4 7. Nce2 a5 8. Be3 Nd7 9. f4 Ba6 10. e5 d5 11. Nf3 e6 12. f5 gxf5 13. gxf5 Bh6 14. Qd2 Bxe3 15. Qxe3 Bxe2 16. Qxe2 Nh6 17. fxe6 fxe6 18. O-O-O Nf5 19. Rhg1 Qe7 20. h4 Nxh4 21. Nxh4 Qxh4 22. Bf3 Kd8 23. Rg4 Qh6+ 24. Kb1 Kc7 25. Rh1 Qf8 26. Rhg1 h5 27. Rg7 h4 28. Bh5 Qf4 29. R1g4 Qh6 30. Bf7 h3 31. Qh2 Raf8 32. b3 Rh7 33. Rxh7 Qxh7 34. Bxe6 Rf1+ 35. Kb2 Qh6 0-1


[Site "https://www.chess.com"]

[Event "Titled Tuesday Blitz December 27 Early 2022"]
[White "Troltenier, Dirk"]
[Black "Serpi, Andrea"]
[WhiteFideId "4606400"]
[BlackFideId "2847499"]
[WhiteElo "2234"]
[BlackElo "2191"]
[Result "1-0"]
[Round "04"]
[TimeControl "180+2"]
[Date "2022.12.27"]
[WhiteClock "0:00:15"]
[BlackClock "0:00:02"]

1. e4 e6 2. d4 d5 3. e5 c5 4. c3 Nc6 5. Nf3 Qb6 6. a3 Nh6 7. b4 cxd4 8. cxd4 Nf5 9. Be3 Be7 10. Bd3 O-O 11. O-O f6 12. Bxf5 exf5 13. Nc3 Be6 14. exf6 Bxf6 15. Na4 Qc7 16. Rc1 Qd7 17. Nc5 Qf7 18. Re1 Rae8 19. Qd2 Bc8 20. Bf4 Re4 21. Nxe4 fxe4 22. Ne5 Bxe5 23. Bxe5 Nxe5 24. dxe5 Be6 25. Qd4 Qf4 26. Rc3 h6 27. f3 exf3 28. Qxf4 Rxf4 29. Rxf3 Rc4 30. Kf2 Rc2+ 31. Kg3 d4 32. Rd1 Bd5 33. Rf2 Rc3+ 34. Kf4 d3 35. Ke3 1-0


[Site "https://www.chess.com"]

[Event "Titled Tuesday Blitz December 27 Early 2022"]
[White "Turzo, Attila"]
[Black "Grigoriants, Sergey"]
[WhiteFideId "704954"]
[BlackFideId "4130804"]
[WhiteElo "2279"]
[BlackElo "2562"]
[Result "0-1"]
[Round "04"]
[TimeControl "180+2"]
[Date "2022.12.27"]
[WhiteClock "0:00:57"]
[BlackClock "0:01:26"]

1. d4 Nf6 2. c4 e6 3. Nf3 d5 4. Nc3 c6 5. e3 Nbd7 6. Be2 Bd6 7. O-O O-O 8. b3 Ne4 9. Nxe4 dxe4 10. Nd2 f5 11. Bb2 Nf6 12. f3 exf3 13. Bxf3 Qe7 14. e4 e5 15. c5 Bc7 16. exf5 exd4 17. Bxd4 Bxf5 18. Bxc6 bxc6 19. Rxf5 Qd7 20. Nf3 Qxf5 0-1


[Site "https://www.chess.com"]

[Event "Titled Tuesday Blitz December 27 Early 2022"]
[White "Usmanov, Vasily"]
[Black "Moral Garcia, Serafin"]
[WhiteFideId "4135741"]
[BlackFideId "2201925"]
[WhiteElo "2450"]
[BlackElo "2238"]
[Result "0-1"]
[Round "04"]
[TimeControl "180+2"]
[Date "2022.12.27"]
[WhiteClock "0:01:16"]
[BlackClock "0:00:31"]

1. d4 Nf6 2. Bg5 d5 3. Bxf6 exf6 4. e3 Bd6 5. c4 dxc4 6. Bxc4 c6 7. Nc3 Nd7 8. Nge2 f5 9. O-O Nf6 10. g3 h5 11. b4 h4 12. b5 hxg3 13. hxg3 Ng4 14. bxc6 Qf6 15. Kg2 Rh2+ 16. Kf3 Qg5 17. Nf4 Ne5+ 18. Ke2 Qg4+ 19. Ke1 Qxd1+ 20. Kxd1 Nxc4 21. Nb5 bxc6 22. Nxd6+ Nxd6 0-1


[Site "https://www.chess.com"]

[Event "Titled Tuesday Blitz December 27 Early 2022"]
[White "Vakhlamov, Igor L."]
[Black "Bluebaum, Matthias"]
[WhiteFideId "24126748"]
[BlackFideId "24651516"]
[WhiteElo "2413"]
[BlackElo "2669"]
[Result "0-1"]
[Round "04"]
[TimeControl "180+2"]
[Date "2022.12.27"]
[WhiteClock "0:00:17"]
[BlackClock "0:01:14"]

1. e4 e6 2. d4 d5 3. Nc3 Nf6 4. Bd3 c5 5. Nf3 c4 6. Be2 Bb4 7. e5 Ne4 8. Bd2 Bxc3 9. Bxc3 Nxc3 10. bxc3 Qa5 11. Qd2 Nd7 12. O-O Nb6 13. Qg5 O-O 14. a4 Nxa4 15. Ra3 b5 16. Rb1 Bd7 17. h4 Qd8 18. Qf4 Qe7 19. Qc1 a5 20. h5 h6 21. g4 b4 22. cxb4 axb4 23. Re3 Nc3 24. Ra1 Ra3 25. Rxa3 Nxe2+ 26. Rxe2 bxa3 27. c3 Ra8 28. Ra2 Qf8 29. Kg2 Ra4 30. Nd2 f6 31. exf6 Qxf6 32. Nb1 e5 33. dxe5 Qxe5 34. Rxa3 Rxa3 35. Nxa3 Bxg4 36. Nb5 Qe4+ 37. Kh2 Bxh5 38. Nd4 Bf3 39. Kg3 Qg4+ 40. Kh2 Qg2# 0-1


[Site "https://www.chess.com"]

[Event "Titled Tuesday Blitz December 27 Early 2022"]
[White "Van Essen, Mark"]
[Black "Doluhanova, Evgeniya"]
[WhiteFideId "1012819"]
[BlackFideId "14112035"]
[WhiteElo "2194"]
[BlackElo "2275"]
[Result "1-0"]
[Round "04"]
[TimeControl "180+2"]
[Date "2022.12.27"]
[WhiteClock "0:02:05"]
[BlackClock "0:02:25"]

1. e4 e5 2. Nf3 Nc6 3. Bc4 Bc5 4. c3 Nf6 5. d4 exd4 6. O-O d5 7. exd5 Nxd5 8. Qb3 Nce7 9. Qb5+ c6 10. Qxc5 dxc3 11. Nxc3 Nxc3 12. bxc3 O-O 13. Bg5 Re8 14. Rad1 Qc7 15. Rfe1 Be6 16. Bxe6 fxe6 17. Rxe6 Nd5 18. Rxe8+ Rxe8 19. Rxd5 1-0


[Site "https://www.chess.com"]

[Event "Titled Tuesday Blitz December 27 Early 2022"]
[White "Vargas, Mauricio"]
[Black "Makhmudov, Shukhrat"]
[WhiteFideId "4404572"]
[BlackFideId "14200775"]
[WhiteElo "2035"]
[BlackElo "2115"]
[Result "0-1"]
[Round "04"]
[TimeControl "180+2"]
[Date "2022.12.27"]
[WhiteClock "0:00:28"]
[BlackClock "0:01:25"]

1. e4 e5 2. Nf3 Nc6 3. d4 exd4 4. Bc4 Nf6 5. e5 d5 6. Bb5 Ne4 7. Nxd4 Bc5 8. Bxc6+ bxc6 9. c3 O-O 10. O-O Bd7 11. f3 Ng5 12. Be3 Bb6 13. a4 a5 14. Nd2 Re8 15. Qe1 c5 16. Nc2 Rxe5 17. f4 Re8 18. fxg5 d4 19. cxd4 cxd4 20. Qf2 dxe3 21. Qxf7+ Kh8 22. Nc4 e2+ 23. Rf2 Bxf2+ 24. Qxf2 Qxg5 25. Re1 Bxa4 26. Nd4 Bd1 27. Nxe2 Bxe2 28. Rxe2 Qc1+ 29. Qf1 Qxf1+ 30. Kxf1 Rxe2 31. Kxe2 a4 32. Kd3 Rb8 33. Kc3 Rf8 34. Kb4 Rf2 35. Ne3 Rxb2+ 36. Kxa4 Re2 37. Nd5 Rxg2 38. Nxc7 Rxh2 39. Kb5 Rb2+ 40. Kc6 Rc2+ 41. Kd6 Rxc7 42. Kxc7 h5 43. Kd6 h4 44. Ke5 h3 45. Kf4 h2 46. Kg3 h1=Q 47. Kf2 Qe4 48. Kg3 Qf5 49. Kh4 Qg6 50. Kh3 Qg5 51. Kh2 Kg8 52. Kh1 Kf7 53. Kh2 Ke6 54. Kh3 Ke5 55. Kh2 Ke4 56. Kh1 Kf3 57. Kh2 Qg2# 0-1


[Site "https://www.chess.com"]

[Event "Titled Tuesday Blitz December 27 Early 2022"]
[White "Vifleemskaia, Svetlana"]
[Black "Lehtosaari, Mauri"]
[WhiteFideId "4129490"]
[BlackFideId "501999"]
[WhiteElo "1971"]
[BlackElo "2176"]
[Result "0-1"]
[Round "04"]
[TimeControl "180+2"]
[Date "2022.12.27"]
[WhiteClock "0:01:05"]
[BlackClock "0:01:17"]

1. d4 d5 2. c4 c6 3. cxd5 cxd5 4. Bf4 Nc6 5. Nc3 Nf6 6. e3 a6 7. Bd3 Bg4 8. Nge2 e6 9. O-O Bxe2 10. Qxe2 Bd6 11. Bxd6 Qxd6 12. f4 O-O 13. Rac1 Rac8 14. Na4 a5 15. a3 Ne7 16. h3 Nf5 17. Kh2 Rxc1 18. Rxc1 Nxd4 19. Qd1 Nc6 20. Qb3 d4 21. Bb5 dxe3 22. Qxe3 Nd5 23. Qe5 Nxe5 0-1


[Site "https://www.chess.com"]

[Event "Titled Tuesday Blitz December 27 Early 2022"]
[White "Vlassov, Nikolai"]
[Black "Boros, Denes"]
[WhiteFideId "4103360"]
[BlackFideId "722340"]
[WhiteElo "2283"]
[BlackElo "2406"]
[Result "0-1"]
[Round "04"]
[TimeControl "180+2"]
[Date "2022.12.27"]
[WhiteClock "0:00:16"]
[BlackClock "0:01:12"]

1. e4 g6 2. Nc3 Bg7 3. h4 h5 4. Nf3 Nc6 5. d4 d6 6. d5 Ne5 7. Ng5 Nf6 8. f3 a6 9. Be3 b5 10. Qd2 c5 11. dxc6 Nxc6 12. O-O-O Bd7 13. Kb1 Rc8 14. Nd5 Nxd5 15. Qxd5 O-O 16. g4 Nb4 17. Qb3 Rxc2 18. Qxb4 Rxb2+ 19. Qxb2 Bxb2 20. Kxb2 Qa5 21. Bd4 f6 22. gxh5 fxg5 23. hxg5 Be6 24. hxg6 Qxa2+ 25. Kc3 b4+ 26. Kd3 Rxf3+ 27. Be3 Qc4+ 28. Kd2 Qc3+ 0-1


[Site "https://www.chess.com"]

[Event "Titled Tuesday Blitz December 27 Early 2022"]
[White "Wagner, Dennis"]
[Black "Cnejev, Vladimir-Alexandru"]
[WhiteFideId "24650684"]
[BlackFideId "1260898"]
[WhiteElo "2595"]
[BlackElo "2374"]
[Result "1-0"]
[Round "04"]
[TimeControl "180+2"]
[Date "2022.12.27"]
[WhiteClock "0:00:12"]
[BlackClock "0:00:02"]

1. d4 d5 2. Nf3 Nf6 3. c4 e6 4. cxd5 exd5 5. Nc3 Be7 6. Bf4 O-O 7. e3 c5 8. h3 Nc6 9. Be2 Be6 10. O-O Rc8 11. dxc5 Bxc5 12. Rc1 Bd6 13. Bxd6 Qxd6 14. Nb5 Qe7 15. Nbd4 Ne4 16. Qa4 Qb4 17. Qxb4 Nxb4 18. a3 Nc6 19. Rfd1 Nxd4 20. Nxd4 Rxc1 21. Rxc1 Rc8 22. Rd1 Kf8 23. f3 Nf6 24. g4 h6 25. Kf2 Ke7 26. Bd3 Nd7 27. f4 Nb8 28. Bb5 Nc6 29. Bxc6 bxc6 30. b4 c5 31. bxc5 Rxc5 32. Rb1 Bd7 33. Rb7 a5 34. Ra7 a4 35. Nf5+ Kd8 36. Nd6 Rc3 37. Nxf7+ Kc8 38. Ne5 Bb5 39. Rxg7 Rxa3 40. g5 hxg5 41. fxg5 Ra2+ 42. Kf3 a3 43. g6 Ra1 44. Ra7 Rf1+ 45. Kg2 Ra1 46. g7 Kb8 47. Re7 1-0


[Site "https://www.chess.com"]

[Event "Titled Tuesday Blitz December 27 Early 2022"]
[White "Warchol, Kamil"]
[Black "Andreev, Konstantin"]
[WhiteFideId "21858241"]
[BlackFideId "24239305"]
[WhiteElo "2173"]
[BlackElo "2195"]
[Result "0-1"]
[Round "04"]
[TimeControl "180+2"]
[Date "2022.12.27"]
[WhiteClock "0:00:11"]
[BlackClock "0:02:14"]

1. e4 c5 2. Nf3 e6 3. d4 cxd4 4. Nxd4 Nf6 5. Nc3 Nc6 6. Nxc6 bxc6 7. e5 Nd5 8. Ne4 Qc7 9. f4 Be7 10. c4 Nb6 11. Be3 O-O 12. Be2 Ba6 13. Rc1 f5 14. Nc5 Bc8 15. O-O d6 16. exd6 Bxd6 17. Bf3 e5 18. fxe5 Bxe5 19. Nd3 Bxh2+ 20. Kh1 Bg3 21. c5 Qe7 22. Qb3+ Be6 23. Bg5 Qxg5 24. Qxe6+ Kh8 25. Nf2 Bxf2 0-1


[Site "https://www.chess.com"]

[Event "Titled Tuesday Blitz December 27 Early 2022"]
[White "Weetik, Vjacheslav"]
[Black "Baches Garcia, Guillermo"]
[WhiteFideId "4153472"]
[BlackFideId "2209764"]
[WhiteElo "2423"]
[BlackElo "2327"]
[Result "1-0"]
[Round "04"]
[TimeControl "180+2"]
[Date "2022.12.27"]
[WhiteClock "0:00:07"]
[BlackClock "0:00:08"]

1. d4 Nf6 2. Nf3 e6 3. c4 d5 4. g3 Be7 5. Bg2 O-O 6. O-O dxc4 7. Qc2 a6 8. a4 Bd7 9. Qxc4 Bc6 10. Bf4 Bd6 11. Nc3 Nbd7 12. a5 Bxf4 13. gxf4 Ne4 14. Qd3 Nxc3 15. bxc3 Bxf3 16. Bxf3 c6 17. Kh1 Qc7 18. e3 Rad8 19. Rg1 g6 20. Rg5 e5 21. fxe5 Nxe5 22. Qe4 Nxf3 23. Qxf3 Rd5 24. Qf6 Rfd8 25. c4 Rxg5 26. Qxg5 Re8 27. Rb1 Qd7 28. Kg2 Qe6 29. Rxb7 Qxc4 30. Qf6 Qd5+ 31. f3 Rf8 32. Qe5 Qc4 33. Qg3 Qe2+ 34. Qf2 Qc4 35. Rb6 Re8 36. e4 Qd3 37. Rb2 Qa3 38. Qd2 Qd6 39. Rb6 Qd7 40. Rxa6 Rd8 41. Rb6 Qxd4 42. Qxd4 Rxd4 43. Rxc6 Ra4 44. a6 Kf8 45. h4 Ke7 46. Kg3 h5 47. Rb6 Kd7 48. Rb7+ Ke6 49. a7 Kf6 50. Kf4 Ra1 51. Ke3 Ke6 52. Kd4 Kf6 53. Kc5 Ke6 54. Kb6 g5 55. hxg5 h4 56. Rb8 h3 57. a8=Q Rxa8 58. Rxa8 h2 59. Rh8 h1=Q 60. Rxh1 1-0


[Site "https://www.chess.com"]

[Event "Titled Tuesday Blitz December 27 Early 2022"]
[White "White, John S."]
[Black "Koridze, Lile"]
[WhiteFideId "2502348"]
[BlackFideId "13612514"]
[WhiteElo "2235"]
[BlackElo "2191"]
[Result "0-1"]
[Round "04"]
[TimeControl "180+2"]
[Date "2022.12.27"]
[WhiteClock "0:00:41"]
[BlackClock "0:01:33"]

1. e4 c5 2. Nf3 d6 3. d4 cxd4 4. Nxd4 Nf6 5. Nc3 a6 6. Bg5 Nbd7 7. f4 h6 8. Bh4 e6 9. Bc4 Be7 10. Bxe6 fxe6 11. Nxe6 Qb6 12. Nxg7+ Kf7 13. Nf5 Qxb2 14. Nd5 Bf8 15. O-O Qa3 16. e5 Qc5+ 17. Kh1 Qxd5 18. Bxf6 Qxd1 19. Raxd1 Nxf6 20. exf6 Bxf5 21. h3 Kxf6 22. c3 h5 23. Rd4 Rc8 24. c4 Rc5 25. Rfd1 Be7 26. a4 Rhc8 27. Kg1 Rxc4 28. Rd5 Rxa4 0-1


[Site "https://www.chess.com"]

[Event "Titled Tuesday Blitz December 27 Early 2022"]
[White "Xu, Yi"]
[Black "Csonka, Balazs"]
[WhiteFideId "8605564"]
[BlackFideId "742910"]
[WhiteElo "2527"]
[BlackElo "2496"]
[Result "1-0"]
[Round "04"]
[TimeControl "180+2"]
[Date "2022.12.27"]
[WhiteClock "0:00:22"]
[BlackClock "0:00:05"]

1. e4 c6 2. d4 d5 3. e5 Bf5 4. h4 h5 5. Bd3 Bxd3 6. Qxd3 Qa5+ 7. Nd2 e6 8. Ne2 Ne7 9. c3 Qa6 10. Qxa6 Nxa6 11. b4 Nb8 12. Nb3 Nd7 13. Nf4 Nb6 14. Nc5 O-O-O 15. Nh3 Nf5 16. Ng5 Bxc5 17. bxc5 Na4 18. Nxf7 Nxc3 19. Be3 b5 20. cxb6 axb6 21. Nxh8 Rxh8 22. Rc1 Nb5 23. Rxc6+ Kd7 24. Rxb6 Nbxd4 25. O-O Ne2+ 26. Kh2 d4 27. Bg5 Ra8 28. Rb2 Nc3 29. Ra1 Ra4 30. Rd2 Kc6 31. Rc1 Kc5 32. f3 Kc4 33. g4 hxg4 34. fxg4 Ne3 35. Bxe3 dxe3 36. Rdc2 Ra3 37. Kg2 Kd3 38. Rb2 Ra5 39. h5 Rxe5 40. Rb3 Rc5 41. Kf3 Kd2 42. Rbxc3 Rxc3 43. Rxc3 Kxc3 44. Kxe3 1-0


[Site "https://www.chess.com"]

[Event "Titled Tuesday Blitz December 27 Early 2022"]
[White "Yaran, Siar"]
[Black "Vovk, Orest"]
[WhiteFideId "6323006"]
[BlackFideId "14113490"]
[WhiteElo "2288"]
[BlackElo "2315"]
[Result "1-0"]
[Round "04"]
[TimeControl "180+2"]
[Date "2022.12.27"]
[WhiteClock "0:00:58"]
[BlackClock "0:00:08"]

1. d4 e5 2. dxe5 Nc6 3. Nf3 Qe7 4. Nc3 Nxe5 5. e4 Nf6 6. Bf4 d6 7. Qd2 c6 8. O-O-O Bg4 9. Be2 g6 10. Kb1 Bg7 11. Qxd6 Nxf3 12. gxf3 Qxd6 13. Rxd6 Be6 14. Rhd1 O-O 15. Be3 Rfe8 16. a4 Bh3 17. a5 a6 18. Na4 Nh5 19. Nb6 Rab8 20. Nd7 Bxd7 21. Rxd7 Be5 22. Bc4 Rf8 23. Re7 Bxh2 24. Bh6 Bf4 25. Bxf8 Rxf8 26. Rxf7 Rxf7 27. Rd7 Kg7 28. Rxf7+ Kh6 29. Rxb7 Nf6 30. Bxa6 Kg5 31. Bf1 1-0


[Site "https://www.chess.com"]

[Event "Titled Tuesday Blitz December 27 Early 2022"]
[White "Yuan, Qingyu"]
[Black "Silva, Miguel Antonio Neto"]
[WhiteFideId "8609772"]
[BlackFideId "1911929"]
[WhiteElo "2373"]
[BlackElo "2204"]
[Result "1-0"]
[Round "04"]
[TimeControl "180+2"]
[Date "2022.12.27"]
[WhiteClock "0:00:10"]
[BlackClock "0:00:12"]

1. e4 c5 2. Nf3 d6 3. d4 cxd4 4. Nxd4 Nf6 5. Nc3 a6 6. Rg1 e5 7. Nb3 h5 8. Be3 Be6 9. h3 Qc7 10. g4 hxg4 11. hxg4 Be7 12. g5 Nh5 13. Rh1 g6 14. Be2 Nd7 15. Bxh5 gxh5 16. Rxh5 O-O-O 17. Qf3 Nb6 18. O-O-O Nc4 19. Rdh1 Rhg8 20. Nd5 Bxd5 21. exd5 Kb8 22. Kb1 Rc8 23. Bc1 a5 24. c3 a4 25. Nd2 a3 26. Qxf7 axb2 27. Nxc4 bxc1=Q+ 28. Rxc1 Bxg5 29. Qxc7+ Rxc7 30. Ne3 Bxe3 31. fxe3 Rg3 32. Rh6 Rxe3 33. Rxd6 Rexc3 34. Re1 Rd3 35. Rxe5 Rd1+ 36. Kb2 Rd2+ 37. Kb3 Rd3+ 38. Kb4 Rd2 39. Kb3 Rd3+ 40. Kb4 Rd2 41. a3 Rb2+ 42. Ka4 Rc4+ 43. Ka5 b6+ 44. Rxb6+ Rxb6 45. Kxb6 Ra4 46. Re8# 1-0


[Site "https://www.chess.com"]

[Event "Titled Tuesday Blitz December 27 Early 2022"]
[White "Zemlyanskii, Ivan"]
[Black "Royal, Shreyas"]
[WhiteFideId "24249971"]
[BlackFideId "448869"]
[WhiteElo "2300"]
[BlackElo "2438"]
[Result "1-0"]
[Round "04"]
[TimeControl "180+2"]
[Date "2022.12.27"]
[WhiteClock "0:01:51"]
[BlackClock "0:01:42"]

1. d4 Nf6 2. c4 e6 3. Nf3 d5 4. g3 dxc4 5. Bg2 a6 6. O-O Nc6 7. Qc2 Nxd4 8. Nxd4 Qxd4 9. Nd2 Qd8 10. Nxc4 Bc5 11. Na5 Qd6 12. Bxb7 Bxb7 13. Nxb7 Bxf2+ 14. Rxf2 Qb6 15. Nc5 Rd8 16. Bg5 Rd5 17. Bxf6 Rxc5 18. Bc3 Rf5 19. e4 Rf3 20. Kg2 Re3 21. Bd2 1-0


[Site "https://www.chess.com"]

[Event "Titled Tuesday Blitz December 27 Early 2022"]
[White "Zherebtsova, Alexandra"]
[Black "Hasangatin, Ramil"]
[WhiteFideId "24129518"]
[BlackFideId "4122160"]
[WhiteElo "2155"]
[BlackElo "2457"]
[Result "0-1"]
[Round "04"]
[TimeControl "180+2"]
[Date "2022.12.27"]
[WhiteClock "0:00:27"]
[BlackClock "0:00:20"]

1. d4 d6 2. Nf3 Bg4 3. c4 Bxf3 4. exf3 c6 5. Nc3 g6 6. Bd3 Bg7 7. Be3 Nf6 8. Qd2 d5 9. c5 b6 10. Na4 Nbd7 11. Rc1 b5 12. Nc3 a5 13. f4 O-O 14. f3 Nxc5 15. dxc5 d4 16. Bf2 dxc3 17. Rxc3 Nd5 18. Rc2 Nb4 19. Be4 Nxc2+ 20. Qxc2 Rc8 21. f5 Bd4 22. Bg3 a4 23. h4 Qa5+ 24. Ke2 Qb4 25. fxg6 hxg6 26. Bxg6 Qxb2 27. Qxb2 Bxb2 28. Bf5 e6 29. Be4 f5 30. Bb1 f4 31. Bf2 Rfd8 32. h5 Bc3 33. Bd3 Rd5 34. Rc1 b4 35. Bc4 Rd2+ 36. Kf1 Kf7 37. Be1 Rd4 38. Bxc3 Rxc4 0-1


[Site "https://www.chess.com"]

[Event "Titled Tuesday Blitz December 27 Early 2022"]
[White "Zhurbinsky, David"]
[Black "Martynov, Pavel"]
[WhiteFideId "2072904"]
[BlackFideId "4101260"]
[WhiteElo "2045"]
[BlackElo "2414"]
[Result "0-1"]
[Round "04"]
[TimeControl "180+2"]
[Date "2022.12.27"]
[WhiteClock "0:00:10"]
[BlackClock "0:00:31"]

1. e4 c5 2. Nf3 e6 3. c4 Nc6 4. d4 cxd4 5. Nxd4 Qc7 6. Be3 a6 7. a3 Nf6 8. Nc3 Ne5 9. Rc1 b6 10. Be2 Bb7 11. f3 Ng6 12. Qd2 Rc8 13. O-O Bd6 14. h3 Bh2+ 15. Kh1 Nh5 16. f4 Nhxf4 17. Kxh2 Nxe2+ 18. Kh1 Ng3+ 19. Kg1 Nxf1 20. Rxf1 Qxc4 21. Nf3 O-O 22. Bxb6 Bxe4 23. Nxe4 Qxe4 24. Qxd7 Qc6 25. Qd4 e5 26. Qf2 Qc2 27. Qe3 Nf4 28. Nh4 Nd5 29. Qxe5 Nxb6 30. Nf5 Qc5+ 31. Qxc5 Rxc5 32. Ne7+ Kh8 33. Rd1 h6 34. Rd8 Rxd8 35. Nc6 Rxc6 36. b4 Rd2 37. h4 Rg6 38. Kh2 Rgxg2+ 39. Kh3 Nd5 40. h5 Nf4+ 41. Kh4 Rg1 42. b5 Rh2# 0-1


[Site "https://www.chess.com"]

[Event "Titled Tuesday Blitz December 27 Early 2022"]
[White "Zubritskiy, Artyom"]
[Black "Danielyan, Vahe"]
[WhiteFideId "4181247"]
[BlackFideId "13304828"]
[WhiteElo "2442"]
[BlackElo "2346"]
[Result "1-0"]
[Round "04"]
[TimeControl "180+2"]
[Date "2022.12.27"]
[WhiteClock "0:00:41"]
[BlackClock "0:01:33"]

1. c4 g6 2. g3 Bg7 3. Bg2 Nf6 4. Nc3 O-O 5. d4 d6 6. Nf3 Nbd7 7. O-O e5 8. e4 Re8 9. Re1 b6 10. h3 Bb7 11. d5 a5 12. b3 Nc5 13. Qc2 c6 14. dxc6 Bxc6 15. Be3 Ncxe4 16. Nd2 d5 17. cxd5 Nxc3 18. dxc6 Ncd5 19. Rad1 Nxe3 20. Rxe3 Qc7 21. Nc4 e4 22. Nd6 Re6 23. Nxe4 Nxe4 24. Bxe4 Rae8 25. Rd7 Qc8 26. Bd5 Rxe3 27. fxe3 Rxe3 28. Qf2 1-0


[Site "https://www.chess.com"]

[Event "Titled Tuesday Blitz December 27 Early 2022"]
[White "Abdilkhair, Abilmansur"]
[Black "Bintang, Rasyid A. Hidayat"]
[WhiteFideId "13716417"]
[BlackFideId "7105355"]
[WhiteElo "2268"]
[BlackElo "1820"]
[Result "1-0"]
[Round "05"]
[TimeControl "180+2"]
[Date "2022.12.27"]
[WhiteClock "0:00:20"]
[BlackClock "0:00:36"]

1. d4 d5 2. Nf3 Nc6 3. e3 Bg4 4. Bb5 Nf6 5. Nbd2 e6 6. c4 a6 7. Bxc6+ bxc6 8. Qa4 Bxf3 9. Qxc6+ Nd7 10. Nxf3 Bb4+ 11. Bd2 Bxd2+ 12. Nxd2 dxc4 13. Nxc4 O-O 14. O-O Rb8 15. b3 Rb5 16. Qxa6 Rg5 17. Qc6 Nf6 18. Qf3 Rf5 19. Qe2 Nd5 20. g3 Qg5 21. Kh1 Qh6 22. f4 Nf6 23. g4 Ne4 24. Qg2 Qh4 25. gxf5 exf5 26. Nd2 Nf6 27. Nf3 Qh5 28. Qg5 Qh3 29. Qh4 Qg4 30. Qxg4 fxg4 31. Ne5 Nd5 32. Rfe1 f5 33. a4 Ra8 34. a5 Ra6 35. Ra4 Nc3 36. Rc4 Ne4 37. b4 Rh6 38. Rxc7 Kf8 39. Kg2 Rh3 40. a6 Rxe3 41. Rxe3 Nd6 42. a7 Nc8 1-0


[Site "https://www.chess.com"]

[Event "Titled Tuesday Blitz December 27 Early 2022"]
[White "Akylbekov, Nasyr"]
[Black "Wagner, Dennis"]
[WhiteFideId "13800353"]
[BlackFideId "24650684"]
[WhiteElo "2239"]
[BlackElo "2595"]
[Result "1-0"]
[Round "05"]
[TimeControl "180+2"]
[Date "2022.12.27"]
[WhiteClock "0:00:13"]
[BlackClock "0:00:05"]

1. e4 c5 2. Nf3 d6 3. Nc3 Nf6 4. d4 cxd4 5. Nxd4 a6 6. Bc4 e6 7. Be3 b5 8. Bb3 Bb7 9. f3 Nbd7 10. Qd2 Nc5 11. g4 Nfd7 12. a3 Nxb3 13. cxb3 Be7 14. O-O-O O-O 15. Kb1 Nb6 16. Nde2 b4 17. Qd4 bxc3 18. Qxb6 Qxb6 19. Bxb6 cxb2 20. Kxb2 Rfc8 21. Rc1 Kf8 22. Rxc8+ Rxc8 23. Rc1 Rxc1 24. Nxc1 Bf6+ 25. Kc2 d5 26. Kd3 Ke7 27. Bc5+ Kd7 28. Bd4 e5 29. Be3 d4 30. Bd2 Be7 31. a4 Kc6 32. Ba5 Bc8 33. Kc2 f6 34. Nd3 Be6 35. Bb4 Bd8 36. Bf8 g5 37. h3 a5 38. b4 axb4 39. Nxb4+ Kd7 40. Nd5 Kc6 41. Nb4+ Kb6 42. Kd3 Bd7 43. Nd5+ Kb7 44. a5 Bb5+ 45. Kd2 Bxa5+ 46. Bb4 Bxb4+ 47. Nxb4 Bc6 48. Kd3 Kb6 49. Kc4 Bb5+ 50. Kb3 Kc5 51. Nc2 Bc4+ 52. Kb2 Bd3 53. Ne1 Bf1 54. Kb3 Bc4+ 55. Kc2 Be2 56. Kd2 Bf1 57. Kc2 Kc4 58. Kd2 1-0


[Site "https://www.chess.com"]

[Event "Titled Tuesday Blitz December 27 Early 2022"]
[White "Alex_Sahakyan2006"]
[Black "Bilych, Olexiy"]
[BlackFideId "14156504"]
[WhiteElo "2629"]
[BlackElo "2441"]
[Result "0-1"]
[Round "05"]
[TimeControl "180+2"]
[Date "2022.12.27"]
[WhiteClock "0:00:01"]
[BlackClock "0:00:49"]

1. d4 Nf6 2. Nf3 d5 3. c4 e6 4. Nc3 c5 5. e3 Nc6 6. a3 dxc4 7. Bxc4 a6 8. dxc5 Qxd1+ 9. Nxd1 Bxc5 10. b4 Be7 11. Bb2 b6 12. O-O Bb7 13. Nd4 O-O 14. Be2 Nxd4 15. Bxd4 Nd7 16. f3 Rfc8 17. e4 a5 18. Bb5 Bc6 19. Bxc6 Rxc6 20. bxa5 Rxa5 21. Ne3 Rxa3 22. Rxa3 Bxa3 23. Ra1 Bf8 24. Ra7 Nc5 25. Ng4 Nb3 26. Be3 f6 27. Rb7 Nc5 28. Rb8 Kf7 29. Kf2 h5 0-1


[Site "https://www.chess.com"]